 Dungeon Crawl Stone Soup version 0.19.0-19-g8c6edcc (webtiles) character file.

143 dysrexia the Changer (level 5, 0/40 HPs)
             Began as a Draconian Transmuter on Nov 12, 2016.
             Succumbed to an adder's poison
             ... on level 2 of the Dungeon.
             The game lasted 00:04:57 (2044 turns).

dysrexia the Changer (Draconian Transmuter)         Turns: 2044, Time: 00:04:58

Health: 0/40       AC:  5    Str: 13    XL:     5   Next: 4%
Magic:  8/8        EV: 17    Int: 13    God:
Gold:   83         SH:  0    Dex: 17    Spells: 2 memorised, 5 levels left

rFire  . . .     SeeInvis .       - Unarmed
rCold  . . .     Gourm    .     (armour unavailable)
rNeg   . . .     Faith    .     (no shield)
rPois  .         Spirit   .     (helmet restricted)
rElec  .         Reflect  .     (no cloak)
rCorr  .         Harm     .     (no gloves)
MR     .....                    (boots currently unavailable)
Stlth  +++.......               (no amulet)
                                (no ring)
                                (no ring)

@: agile, lethally poisoned (0 -> -10), appendage (expiring)
A: unfitting armour, talons 3, cold-blooded, AC +5
a: End Transformation


You were on level 2 of the Dungeon.
You were hungry.
You had grown temporary talons.
You visited 1 branch of the dungeon, and saw 2 of its levels.

You collected 83 gold pieces.

Inventory:

Missiles
 a - 9 arrows
 e - 10 poisoned needles
 i - 37 stones (quivered)
Scrolls
 h - 2 scrolls of enchant armour {unknown}
 j - a scroll of identify
 l - a scroll of amnesia {unknown}
Potions
 g - 3 potions of haste
Books
 b - a book of Changes

   Spells                             Type                      Level
   a - Beastly Appendage              Transmutation                1
   b - Sticks to Snakes               Transmutation                2
   c - Spider Form                    Transmutation/Poison         3
   d - Ice Form                       Ice/Transmutation            4
   e - Blade Hands                    Transmutation                5
Comestibles
 c - 3 bread rations
 f - 2 meat rations
 k - 3 chunks of flesh


   Skills:
 - Level 1.1 Fighting
 - Level 1.7 Dodging
 + Level 4.0 Unarmed Combat
 - Level 2.0 Spellcasting
 * Level 4.5 Transmutations


You had 5 spell levels left.
You knew the following spells:

 Your Spells              Type           Power        Failure   Level  Hunger
a - Beastly Appendage     Tmut           ##....       4%          1    ##.....
b - Sticks to Snakes      Tmut           ##......     8%          2    ###....


Dungeon Overview and Level Annotations

Branches:
Dungeon (2/15)

Altars:
Kikubaaqudgha
Ru


Innate Abilities, Weirdness & Mutations

Your plain brown scales are hard. (AC +5)
You cannot fit into any form of body armour.
You are cold-blooded and may be slowed by cold attacks.
You have claws for feet.


Message History

You barely miss the adder.
The adder is almost dead.
Your transformation is almost over.
The adder barely misses you.
The leopard gecko bites you but does no damage.
The goblin hits you but does no damage. The adder bites you but does no damage.
The leopard gecko bites you.
* * * LOW HITPOINT WARNING * * *
You closely miss the adder.
The adder is almost dead.
* * * LOW HITPOINT WARNING * * *
You feel sick. The adder bites you.
* * * LOW HITPOINT WARNING * * *
You are more poisoned.
The adder poisons you! The leopard gecko bites you.
* * * LOW HITPOINT WARNING * * *
The goblin hits you but does no damage.
It was a potion of agility.
You feel agile all of a sudden.
You die...

*,,....#.#.#####..#...#...#
*,*........# #.##.......#
****,*........#####.####._.###
*,,,,,..............##....)..#
*,****........######.#...#...#
*,*,,,...............#...#...#
*,,,**##.............'#######'
*,,**,,##...g...........##....
**,,,,,,#..sS@############....
*,,**,,#...l.#**** #....
*,**,,*#......,,,* #....
*,*,,*#........,,* #....
**,*,,....###....,* #....
*,,**,.##.* ####.#* #....
*,,,****.,* *.# #....
*,*,,,,.,,* *,# #....
*,,,***,*,******,* #####....


You could see an adder, a leopard gecko, a giant cockroach and a goblin.

Vanquished Creatures
  An orc wizard (D:2)
  Robin (D:2)
  2 adders (D:2)
  An ooze (D:1)
  4 worms (D:2)
  3 dart slugs
  A leopard gecko (D:1)
  8 bats
  5 giant cockroaches
  11 goblins
  8 hobgoblins
  3 jackals (D:1)
  2 quokkas (D:2)
  2 frilled lizards
  A kobold (D:1)
  6 rats
59 creatures vanquished.

Vanquished Creatures (collateral kills)
  4 goblins (D:2)
  A rat (D:2)
5 creatures vanquished.

Grand Total: 64 creatures vanquished

Notes
Turn   | Place    | Note
-------+----------+-------------------------------------------
     0 | D:1      | dysrexia the Draconian Transmuter began the quest for the Orb.
     0 | D:1      | Reached XP level 1. HP: 16/16 MP: 3/3
   148 | D:1      | Reached XP level 2. HP: 17/23 MP: 3/5
   152 | D:1      | Learned a level 2 spell: Sticks to Snakes
   355 | D:1      | Reached XP level 3. HP: 10/28 MP: 6/6
  1235 | D:2      | Found an ancient bone altar of Kikubaaqudgha.
  1279 | D:2      | Reached XP level 4. HP: 21/35 MP: 7/7
  1493 | D:2      | Noticed Robin
  1513 | D:2      | Killed Robin
  1759 | D:2      | Found a sacrificial altar of Ru.
  2013 | D:2      | Reached XP level 5. HP: 29/40 MP: 6/8
  2043 | D:2      | HP: 1/40 [leopard gecko (3)]
  2044 | D:2      | Succumbed to an adder's poison

Skill      XL: |  1  2  3  4 |
---------------+-------------+-----
Transmutations | 3 4 |  4.5
Unarmed Combat | 4 |  4.0
Fighting       | |  1.1
Dodging        | |  1.7
Spellcasting   | |  2.0

Action                   |  1- 3 |  4- 6 || total
-------------------------+-------+-------++-------
Melee: Unarmed           |   142 |    89 ||   231
       Tailslap          |    14 |    11 ||    25
       Punch             |     2 |     1 ||     3
       Kick              |     2 |     6 ||     8
       Headbutt          |     2 |       ||     2
 Cast: Beastly Appendage |     5 |     4 ||     9
       Sticks to Snakes  |     2 |     1 ||     3
  Use: Scroll            |     5 |       ||     5
       Potion            |       |     1 ||     1
 Stab: Sleeping          |     1 |     1 ||     2
  Eat: Chunk             |     2 |     2 ||     4
Armor: Skin              |    37 |    30 ||    67
Dodge: Dodged            |    85 |    43 ||   128
